[Event "Early-Titled-Tuesday-Blitz-February-13-2024"]
[Site "Chess.com"]
[Date "2024.02.13"]
[Round "3"]
[White "GM_dmitrij"]
[Black "Gabrielian_Artur"]
[Result "0-1"]
[WhiteElo "3043"]
[BlackElo "2793"]
[TimeControl "180+1"]
[EndTime "8:34:00 PST"]
[Termination "Gabrielian_Artur won by resignation"]

1. e4 c5 2. Nf3 d6 3. d4 cxd4 4. Nxd4 Nf6 5. Nc3 Nc6 6. Bg5 Bd7 7. Qd2 Rc8 8. Bxf6 gxf6 9. Be2 Qa5 10. O-O Nxd4 11. Qxd4 Qc5 12. Qd3 Rg8 13. Kh1 f5 14.
exf5 Qxf5 15. Qe3 Qg5 16. Qxg5 Rxg5 17. Bd3 Bg7 18. Ne4 Ra5 19. c3 Bc6 20. Rfe1 Kf8 21. f4 h6 22. Re2 d5 23. Ng3 d4 24. c4 b5 25. Rc2 bxc4 26. Rxc4 Bd7 27. Rxc8+ Bxc8 28. a3 Rc5 29. Kg1 Bb7 30. Kf2 e5 31. f5 e4 32. Bxe4 Bxe4 33. Nxe4 Rxf5+ 34. Ke2 d3+ 35.
Kxd3 Bxb2 36. Ra2 Be5 37. g3 Rf3+ 38. Kc4 Ke7 39. a4 f5 40. Nc5 f4 41. gxf4 Bxf4 42. Nd3 Bd6 43. Re2+ Kd7 44. Ne5+ Bxe5 45. Rxe5 Rh3 46.
Re2 Kc6 47. Re6+ Kc7 48. Re2 Kb6 49. Rb2+ Ka5 50. Ra2 a6 51. Kc5 h5 52. Kc4 h4 53. Kc5 Rc3+ 54. Kd4 Rb3 55. Kc5 Rb4 56. Re2 Rxa4 57. Re3 Ra1 58. Rh3 Rc1+ 59. Kd4 Kb4 60. Kd5 Rc5+ 61. Kd6 Rc4 62. Kd5 a5 63. Re3 a4 64.
Re8 Rc2 65. Rb8+ Ka3 66. h3 Rh2 67. Kc4 Rxh3 68. Rb1 Rh2 69. Ra1+ Ra2 70. Rh1 Rc2+ 71. Kd3 Kb2 72. Rxh4 Rc3+ 73. Kd2 a3 74. Rb4+ Rb3 75. Rc4 a2 76. Rc2+ Ka3 77. Rc1 Rb1 78. Rc3+ Kb4 79. Rc7 a1=Q 0-1

[Event "Early-Titled-Tuesday-Blitz-February-13-2024"]
[Site "Chess.com"]
[Date "2024.02.13"]
[Round "3"]
[White "BursaBBSatranc"]
[Black "itsdsyr"]
[Result "0-1"]
[WhiteElo "2681"]
[BlackElo "2312"]
[TimeControl "180+1"]
[EndTime "8:34:12 PST"]
[Termination "itsdsyr won on time"]

1. d4 Nf6 2. Bf4 e6 3. e3 b6 4. Nf3 Bb7 5. Nbd2 Be7 6. Bd3 O-O 7. h3 c5 8. O-O Nc6 9. c3 d6 10. Qe2 cxd4 11. exd4 Re8 12. Rfe1 h6 13. Rad1 Bf8 14.
Bh2 a6 15. a4 d5 16. Ne5 Nxe5 17. dxe5 Nd7 18. Nf3 Nc5 19. Bc2 Qd7 20. Ra1 a5 21.
Nd4 Rad8 22. Bf4 Kh8 23. Qh5 g6 24. Qh4 Kh7 25. Re3 Bg7 26. Qg4 Qe7 27. h4 Kh8 28.
Rg3 Ne4 29. Rf3 Nc5 30. Bd2 Ne4 31. Bf4 Nc5 32. Qh3 Ne4 33. Re1 Nc5 34. Rfe3 Ne4 35.
f3 Nc5 36. Qg3 Nd7 37. R3e2 Nc5 38. Qf2 Rc8 39. g3 Bc6 40. Qe3 Bd7 41. Bxh6 Qf8 42. Bxg7+ Qxg7 43. h5 g5 44. h6 Qg8 45. Kg2 Bxa4 46.
Bxa4 Nxa4 47. g4 Nc5 48. Rh1 Qg6 49. Rh5 Rg8 50. Kf2 Kh7 51. Nb5 Nd3+ 52. Kg2 Nf4+ 53.
Kf2 Nxh5 54. gxh5 Qxh5 55. Qd3+ Qg6 56. Qxg6+ Rxg6 57. Nd6 Rc7 58. Ne8 Re7 59. Nd6 Rxh6 60. Kg3 Kg6 61. Re1 Rd7 62. Nb5 Rd8 63. Ra1 Rdh8 64. b4 Rh3+ 65. Kf2 axb4 66. cxb4 Rh2+ 67. Ke3 Rb2 68. Ra4 Rh1 69. Nd4 Re1+ 70. Kd3 Rd1+ 71. Kc3 Rbd2 72. Nc6 Rd3+ 73. Kc2 R1d2+ 74. Kc1 Rf2 75.
Ne7+ Kh5 76. Ra8 Rdxf3 77. Rh8+ Kg4 78. Rb8 Rg3 0-1

[Event "Early-Titled-Tuesday-Blitz-February-13-2024"]
[Site "Chess.com"]
[Date "2024.02.13"]
[Round "3"]
[White "PepeCuenca"]
[Black "Antipov_Mikhail_Al"]
[Result "0-1"]
[WhiteElo "2726"]
[BlackElo "2958"]
[TimeControl "180+1"]
[EndTime "8:34:14 PST"]
[Termination "Antipov_Mikhail_Al won on time"]

1. d4 Nf6 2. c4 e6 3. Nf3 d5 4.
Nc3 Bb4 5. cxd5 exd5 6. Bg5 h6 7. Bh4 g5 8. Bg3 Ne4 9. Nd2 Nxg3 10. hxg3 c6 11.
Qc2 Be6 12. a3 Ba5 13. e4 a6 14. e5 Nd7 15. f4 Nf8 16. f5 Bd7 17. g4 Qe7 18.
O-O-O b5 19. Nb3 Bb6 20. Ne2 O-O-O 21. Kb1 Kb8 22. Nec1 a5 23. Nd3 a4 24. Nbc5 Bc8 25.
Nb4 Qe8 26. Bd3 Bb7 27. Rh3 Rc8 28. Rdh1 Nd7 29. Re1 Nxc5 30. dxc5 Bc7 31. Rhe3 h5 32. Qe2 Qe7 33. f6 Qf8 34. Bf5 Rd8 35. Nd3 hxg4 36. e6 fxe6 37. Bxe6 Qxf6 38. Bxg4 Rhf8 39. Re6 Qd4 40.
Ka1 Ba5 41. Rd1 Qc4 42. Rc1 Qb3 43. Ne5 d4 44. Rd6 d3 45. Qd1 Qxd1 46. Rxd1 d2 47.
Nd7+ Ka7 48. Nxf8 Rxf8 49. R6xd2 Bxd2 50. Rxd2 Rf1+ 51. Ka2 Rc1 52. Bf3 Rxc5 53. b3 axb3+ 54. Kxb3 Kb6 55. Kb4 Bc8 56. Rd6 g4 57. Be2 Bf5 58.
Kb3 Be4 59. g3 Bd5+ 60. Kb2 Bf3 61. Bxf3 gxf3 62. Rf6 Rg5 63. Rxf3 Ka5 64. Kb3 c5 65. Re3 Rg4 66. Kb2 Rg6 67. Rf3 Rh6 68. Rf5 Rh2+ 69. Kc3 c4 70. Rf8 Rg2 71. Ra8+ Kb6 72. Rg8 Ka5 73.
Ra8+ Kb6 74. Rg8 Ra2 75. Ra8 Kc5 76. Rc8+ Kb6 77. Ra8 Kb7 78. Rf8 Kc6 79. Kb4 Rb2+ 80. Ka5 Rb3 81. Rc8+ Kd5 82. Rd8+ Ke4 83. Re8+ Kd4 84. Rd8+ Ke3 85. Rd5 c3 86. Rc5 Kd2 87. g4 c2 88. g5 Rxa3+ 89. Kxb5 Rc3 0-1

[Event "Early-Titled-Tuesday-Blitz-February-13-2024"]
[Site "Chess.com"]
[Date "2024.02.13"]
[Round "3"]
[White "Chernov_Alexander_A"]
[Black "Helenita13"]
[Result "1-0"]
[WhiteElo "2327"]
[BlackElo "1904"]
[TimeControl "180+1"]
[EndTime "8:34:17 PST"]
[Termination "Chernov_Alexander_A won by resignation"]

1. d4 Nf6 2. Nc3 g6 3. e4 d6 4. Bf4 Bg7 5. Qd2 O-O 6. O-O-O c6 7. Bh6 b5 8. Bd3 Qa5 9. Bxg7 Kxg7 10. e5 Ng4 11. Kb1 Be6 12. b3 dxe5 13. dxe5 Nxe5 14. h4 Nbd7 15. h5 Nf6 16. hxg6 fxg6 17. Qh6+ Kf7 18. Ne4 Nxd3 19. Ng5+ Ke8 20. Nxe6 Rf7 21. cxd3 Nd5 22. Ne2 Rxf2 23. Qd2 Qa3 24. Rc1 b4 25. Rhe1 Nc3+ 26. Rxc3 bxc3 27. Qxc3 a5 28. Nc7+ Kd7 29. Nxa8 a4 30. Nb6+ Kc7 31. Nxa4 Qd6 32. Qa5+ Kd7 33.
Qa7+ Ke6 34. Qxf2 Qxd3+ 35. Kb2 Qd2+ 36. Ka3 Kd7 37. Qf3 Ke8 38. Nf4 Qxe1 39. Qd3 Qe5 40.
Ne2 Qe6 41. Nec3 h5 42. Qc4 Qf6 43. Nc5 h4 44. N3e4 Qf4 45. Qg8+ Qf8 46. Qxg6+ Kd8 47. Qxc6 Qe8 48. Qxe8+ Kxe8 49. Ne6 Kf7 50. Nf4 e5 51.
Nd3 Ke6 52. b4 Kd5 53. Ndf2 Kd4 54. Ka4 Kd5 55. b5 Ke6 56. b6 Kd7 57. Kb5 Kc8 58. Ka6 Kb8 59. a4 h3 60. a5 h2 61. Nh1 Kc8 62. Kb5 Kb8 63. a6 Ka8 64. Kc6 Kb8 65. Kd5 Kc8 66. Kxe5 Kd7 67. Kf4 Kc6 68. Kg3 Kxb6 69. Kxh2 Kxa6 70. Kg3 Kb7 71. Kf4 Kc8 72.
g4 Kd8 73. Kf5 Ke8 74. Kf6 Kf8 75. g5 Kg8 76. g6 Kh8 77. Ng5 Kg8 78. Ng3 Kh8 79.
N3e4 Kg8 80. Ne6 Kh8 81. Kg5 Kg8 82. g7 Kf7 83. Nf6 Kxe6 84. g8=Q+ Ke7 85. Qg7+ Kd6 86. Ng4 Kc5 87. Qe5+ Kb4 88. Qd5 Ka3 89. Qb5 Ka2 90. Kf5 Ka1 91. Ke4 Ka2 92. Kd3 1-0

[Event "Early-Titled-Tuesday-Blitz-February-13-2024"]
[Site "Chess.com"]
[Date "2024.02.13"]
[Round "3"]
[White "BilodeauA"]
[Black "bazar-wokzal"]
[Result "0-1"]
[WhiteElo "2944"]
[BlackElo "2671"]
[TimeControl "180+1"]
[EndTime "8:34:28 PST"]
[Termination "bazar-wokzal won on time"]

1. e4 Nc6 2. Nf3 d5 3. exd5 Qxd5 4. Nc3 Qa5 5. d4 Bg4 6. Bb5 O-O-O 7. Bxc6 bxc6 8. h3 Qh5 9. Qe2 Bxf3 10. gxf3 e6 11.
Be3 Bb4 12. O-O-O Bxc3 13. bxc3 Ne7 14. Qa6+ Kd7 15. Rhg1 Qxf3 16. Rg3 Qf5 17. c4 Rb8 18. Rg5 Qf3 19. Kd2 Rb6 20. Qa4 Rhb8 21. Rg3 Qh5 22.
d5 Rb1 23. dxe6+ Kxe6 24. Rxb1 Rxb1 25. Rg4 f5 26. Rd4 Rd1+ 27. Kc3 Rxd4 28. Bxd4 Qxh3+ 29. Kb2 Qg4 30. Bc3 h5 31. Qxa7 Qxc4 32. Qe3+ Kf7 33.
Qf3 Qg4 34. Qe3 Nd5 35. Qe5 Nxc3 36. Qxc7+ Kg6 37. Qxc6+ Kh7 38. Qxc3 h4 39. f3 Qg3 40.
Qd3 Qf4 41. Qf1 Qg3 42. Qd3 g6 43. Qd7+ Kh6 44. Qd8 h3 45. f4 Kh5 46. Qd1+ Kh4 47.
Qd8+ Kg4 48. Qd1+ Kxf4 49. Qd6+ Kf3 50. Qd1+ Kg2 51. Qd2+ Kh1 52. Qd1+ Kg2 53. Qd2+ Qf2 54. Qg5+ Kf1 55. Qc1+ Qe1 56. Qf4+ Kg2 57. Qg5+ Kf3 58. Qxg6 f4 59. Qh5+ Kg2 60. Qg4+ Qg3 61. Qe2+ Kg1 62. Qd1+ Kf2 63. Qd2+ Kf3 64. Qd3+ Kg4 65. Qg6+ Kf3 66. Qd3+ Kg2 67. Qe2+ Qf2 68. Qg4+ Kh2 69. a4 f3 70. a5 Qg2 71. Qf4+ Qg3 72. Qxg3+ Kxg3 73. a6 f2 74. a7 f1=Q 75. a8=Q Qb5+ 76. Ka3 Qc5+ 77.
Kb3 Qe3+ 78. c3 h2 79. Qg8+ Kf2 80. Qf7+ Qf3 81. Qa7+ Ke1 82. Qa1+ Kf2 83. Qa7+ Qe3 84. Qf7+ Ke1 85. Qh5 Qe6+ 86. Ka3 Qa6+ 87. Kb3 Qb7+ 88. Ka3 h1=Q 89. Qe5+ Kf2 90. Qd4+ Ke2 91. Qg4+ Qhf3 92.
Qc4+ Kd2 93. Qd4+ Kc2 0-1

[Event "Early-Titled-Tuesday-Blitz-February-13-2024"]
[Site "Chess.com"]
[Date "2024.02.13"]
[Round "3"]
[White "maicolbenavides"]
[Black "yaguigor"]
[Result "1-0"]
[WhiteElo "2510"]
[BlackElo "2695"]
[TimeControl "180+1"]
[EndTime "8:34:29 PST"]
[Termination "maicolbenavides won by resignation"]

1. e4 c5 2. Nf3 e6 3. c4 Nc6 4.
Nc3 e5 5. Be2 d6 6. O-O f5 7. d3 Nf6 8. Bg5 Be7 9. Bxf6 Bxf6 10.
Nd5 O-O 11. a3 g6 12. b4 b6 13. Rb1 Bg7 14. a4 Bh6 15. b5 Na5 16. Nd2 Bxd2 17.
Qxd2 f4 18. Qd1 h5 19. Bxh5 gxh5 20. Qxh5 Qd7 21. Qg6+ Qg7 22. Ne7+ Kh8 23. Qh5+ Qh7 24. Ng6+ Kg7 25. Qxh7+ Kxh7 26. Nxf8+ Kg7 27. f3 Kxf8 28. g3 Be6 29. g4 Kg7 30. Kg2 Rh8 31. Rh1 Rh4 32.
Kf2 Kf6 33. Kg2 Kg5 34. Kf2 Nb7 35. Ra1 Rh3 36. Kg2 Rh4 37. Rhg1 Na5 38. Rab1 Bd7 39.
Rh1 Bc8 40. h3 Be6 41. Kf2 Nb7 42. Ra1 Bd7 43. Kg2 Na5 44. Rab1 Bc8 45. Rb2 Kf6 46. Kf2 Ke7 47. Kg2 Be6 48. Kf2 Kd7 49. Rbb1 Kc7 50.
Rh2 Nb7 51. Rb2 Nd8 52. Ra2 Nf7 53. a5 Kb7 54. axb6 axb6 55. Kg2 Ng5 56. Rh1 Bc8 57. Rha1 Kc7 58. Ra7+ Bb7 59. Rh1 Kb8 60. Raa1 Bc8 61.
Ra2 Bb7 62. Raa1 Ne6 63. Ra2 Nd4 64. Kf2 Bc8 65. Raa1 Nc2 66. Rag1 Be6 67. g5 Kc7 68.
g6 Bg8 69. g7 Kd7 70. Rg4 Rh6 71. h4 Ne3 72. Rg5 Ke7 73. h5 Kf6 74. Rgg1 Kf7 75.
Rg6 Rxg6 76. hxg6+ Kxg6 77. Ra1 Kxg7 78. Ra6 Kf6 79.
Rxb6 Ke7 80. Rb7+ Ke6 81. Rg7 Bf7 82. Rxf7 Kxf7 83. b6 Nd1+ 84. Ke1 Nb2 85. b7 Nxd3+ 86. Kd2 Nb4 87. b8=Q Ke7 88. Qh8 Kd7 89. Qg7+ Kc6 90.
Qg8 Kc7 91. Qf7+ Kc6 92. Qe8+ Kc7 93. Qe7+ Kc6 94. Qd8 Na6 95. Qc8+ Nc7 96. Kc3 Kb6 97. Qd7 1-0

[Event "Early-Titled-Tuesday-Blitz-February-13-2024"]
[Site "Chess.com"]
[Date "2024.02.13"]
[Round "3"]
[White "toninhojit"]
[Black "UnTucopalaTimba"]
[Result "0-1"]
[WhiteElo "2528"]
[BlackElo "1986"]
[TimeControl "180+1"]
[EndTime "8:34:29 PST"]
[Termination "UnTucopalaTimba won by resignation"]

1. d4 Nf6 2. c4 e6 3. Nf3 d5 4. Nc3 Bb4 5. Bg5 dxc4 6. e4 b5 7. e5 h6 8. Bh4 g5 9. Nxg5 hxg5 10. Bxg5 Rg8 11. Bxf6 Qd5 12. Qd2 Bxc3 13. bxc3 Bb7 14.
Rg1 Nd7 15. Bh4 Rg4 16. g3 Re4+ 17. Kd1 c5 18. Bg2 cxd4 19. Bxe4 Qxe4 20. Qxd4 Qf3+ 21. Ke1 Nb6 22. Qe3 Qf5 23. Rd1 Nd5 24. Qd4 Rc8 25.
Qxa7 Qe4+ 26. Kf1 Nxc3 27. Qe3 Qxe3 28. fxe3 Nxd1 29. Ke2 Nc3+ 30. Kd2 Ne4+ 31. Kc2 b4 32.
Rb1 b3+ 33. axb3 cxb3+ 34. Kxb3 Bd5+ 35. Ka3 Ra8+ 36. Kb2 Rb8+ 37. Kc1 Rxb1+ 38. Kxb1 Kf8 39. Kb2 Kg7 40. Kc2 Kg6 41. Kd3 Kf5 42. Kd4 Kg4 43. Bd8 Kh3 44. Bh4 Kxh2 45. Bd8 Kxg3 46. Be7 Kf3 47.
Bd8 Kg4 48. Be7 Kf5 49. Bd8 f6 50. exf6 Nxf6 51. Kc5 Ne4+ 52. Kd4 Nf2 53. Bc7 Ne4 54. Bb8 Nf2 55. Bc7 Ng4 56. Bb8 Bg2 57. Bc7 e5+ 58.
Kd3 Bf1+ 59. Kd2 Ke4 60. Bb6 Bb5 61. Ba7 Nf2 62. Bb6 Nd3 63. Ba7 Nb4 64. Bc5 Nd5 65. Ba7 Kf3 66. Bc5 e4 67. Bd4 Ne7 68. Bc5 Nf5 69. Bb6 Bd3 70. Ba7 Kf2 71. Bb6 Kf3 72. Ba7 Ng3 73. Bb6 Nf1+ 74. Ke1 Nxe3 75. Ba7 Nc2+ 76. Kd2 Nb4 77. Bc5 Nd5 78. Ba7 Ba6 79. Bc5 e3+ 80. Ke1 Nc3 81. Bb4 Ne4 82. Ba5 Bd3 83.
Kd1 Ng3 84. Ke1 Nf5 85. Bb6 Nh4 86. Ba5 Ng2+ 87. Kd1 e2+ 88. Kc1 Kf2 89. Be1+ Nxe1 90. Kd2 Ba6 0-1

[Event "Early-Titled-Tuesday-Blitz-February-13-2024"]
[Site "Chess.com"]
[Date "2024.02.13"]
[Round "3"]
[White "IngOscarArdila"]
[Black "Storne89"]
[Result "0-1"]
[WhiteElo "2291"]
[BlackElo "2572"]
[TimeControl "180+1"]
[EndTime "8:34:39 PST"]
[Termination "Storne89 won on time"]

1. d4 Nf6 2. c4 c5 3. dxc5 Na6 4. Nf3 Nxc5 5. e3 d6 6. Be2 b6 7. O-O Bb7 8. Nc3 e6 9. b4 Ncd7 10. Qb3 a6 11. Bb2 Be7 12. Rfd1 O-O 13. Rac1 Qc7 14. Nd4 Rac8 15. a4 Ne5 16. Nb1 Rfd8 17. Nd2 Qb8 18.
h3 h6 19. N2f3 Ng6 20. Bd3 Ne5 21. Be2 Ned7 22. Qa2 Qa8 23. Qa1 Nf8 24. Re1 Ng6 25. Red1 Bf8 26. Re1 Ne4 27. Red1 a5 28. bxa5 bxa5 29. Nb5 Nc5 30. Qa2 Be7 31. Bd4 Nf8 32. Bxc5 Rxc5 33. Rd2 d5 34. Qb2 Rdc8 35. Rdc2 dxc4 36.
Rxc4 Rxc4 37. Rxc4 Rxc4 38. Bxc4 Bxf3 39. gxf3 Qxf3 40. Qd2 Qxh3 41. Qxa5 Ng6 42. Qa8+ Kh7 43. Qe4 Qh5 44. Bd3 Qd1+ 45. Kg2 Qa1 46. Bc2 Qb2 47. Qc4 f5 48. Qc7 Bf6 49. Qc6 Qe5 50. Nd4 Nh4+ 51. Kf1 Qh2 52. Qxe6 Qh3+ 53. Ke2 Qg4+ 54. Ke1 Bxd4 55. exd4 Nf3+ 56. Kf1 Nxd4 57. Qc4 Qf4 58.
Qd3 h5 59. a5 g6 60. a6 Qc1+ 61. Kg2 Nxc2 62. a7 Qg5+ 63. Kf1 Qc1+ 64. Kg2 Qa1 65.
Qd7+ Kh6 66. Qd2+ Kg7 67. Qxc2 Qxa7 68. Qe2 Qb7+ 69. Kf1 Qf7 70. Kg2 Qf6 71. Kf1 Qg5 72. Qe6 h4 73. Qd7+ Kh6 74. Qe8 Qf6 75. Qe3+ g5 76. Qe8 g4 77. Kg2 h3+ 78. Kh2 Qd6+ 79. Kg1 Qd1+ 80. Kh2 Qd6+ 81. Kg1 Kg5 82. Qg8+ Kf4 83.
Qc4+ Ke5 84. Qc3+ Qd4 85. Qc7+ Ke4 86. Qc6+ Qd5 87. Qe8+ Kd3 88. Qc8 Qe4 89. Qa6+ Kd4 90. Qb6+ Ke5 91. Qc7+ Kd5 92. Qb7+ Kd4 93. Qb6+ Kd3 94.
Qb5+ Kd2 95. Qa5+ Ke2 96. Qb5+ Kf3 97. Qb3+ Kf4 98. Qc3 Qf3 99. Qd2+ Ke5 100. Qc3+ Qxc3 0-1

[Event "Early-Titled-Tuesday-Blitz-February-13-2024"]
[Site "Chess.com"]
[Date "2024.02.13"]
[Round "3"]
[White "masterofpuppets2"]
[Black "theoneandonlydaaevik"]
[Result "1/2-1/2"]
[WhiteElo "2435"]
[BlackElo "2277"]
[TimeControl "180+1"]
[EndTime "8:34:45 PST"]
[Termination "Game drawn by repetition"]

1. d4 Nf6 2. c4 e6 3. Nf3 d5 4. g3 Be7 5. Bg2 O-O 6. O-O dxc4 7. Qc2 a6 8. a4 Bd7 9. Qxc4 Bc6 10. Bg5 Bd5 11. Qc1 h6 12. Bxf6 Bxf6 13. Nbd2 Bxf3 14.
Bxf3 c6 15. e3 a5 16. h4 Na6 17. Kg2 e5 18. dxe5 Bxe5 19. Nc4 Bc7 20. Rd1 Qe7 21. Qc3 Nb4 22. Rd4 Rad8 23. Rad1 Rxd4 24. Rxd4 Rd8 25.
Re4 Qf8 26. Be2 f5 27. Rd4 Rxd4 28. Qxd4 Nd5 29. Bf3 Nf6 30. Nd2 Qb4 31. Qxb4 axb4 32. Nb3 Bb6 33. a5 Ba7 34. a6 bxa6 35. Bxc6 Bb6 36.
Kf3 g6 37. Ke2 Kf7 38. Kd3 Ng4 39. Ke2 Ne5 40. Bd5+ Kf6 41. f3 g5 42. hxg5+ hxg5 43. e4 f4 44. gxf4 gxf4 45. Nd2 Kg5 46. Be6 Bd4 47.
b3 a5 48. Bc8 Kh4 49. Nf1 Kg5 50. Be6 Kf6 51. Bd5 Bc3 52. Nh2 Kg5 53. Be6 Kh4 54.
Nf1 Kg5 55. Bc8 Kh4 56. Bf5 Kg5 57. Be6 Kh4 58. Bd5 Kg5 59. Bb7 Kh4 60. Bc8 Kg5 61.
Nh2 Kh4 62. Ng4 Nxg4 63. Bxg4 Kg5 64. Kd3 Kf6 65. Kc4 Ke5 66. Bf5 Be1 67. Bd7 Bc3 68.
Bc6 Be1 69. Bd5 Bc3 70. Kb5 Be1 71. Kxa5 Bc3 72. Kb5 Be1 73. Kc4 Bd2 74. Bc6 Bc3 75. Kd3 Be1 76. Ke2 Bc3 77. Bb5 Kd4 78. Ba6 Ke5 79. Kd3 Be1 80. Kc4 Bc3 81. Kc5 Be1 82. Bc4 Bc3 83. Bd5 Be1 84. Kc4 Bc3 85. Kd3 Be1 86.
Ke2 Bc3 87. Bc4 Kd4 88. Kf1 Ke5 89. Kg2 Kd4 90. Kh3 Ke5 91. Kg4 Be1 92. Bd3 Bc3 93. Bc4 Ba1 94. Kg5 Bc3 95. Kg6 Bb2 96. Kf7 Ba1 97. Ke7 Bb2 98. Kd7 Bc3 99. Kc6 Bb2 100.
Kc5 Ba1 101. Bd3 Bc3 102. Kc4 Be1 103. Bc2 Bc3 104. Kd3 Be1 105. Ke2 Bc3 106. Bd3 Kd4 107. Bc4 Ke5 108. Bb5 Kd4 109. Bc6 Ke5 110. Bb7 Bd4 111.
Kd3 Bc3 112. Bc6 Bd4 113. Kc4 Bc3 114. Bb7 Be1 115. Kc5 Bc3 116. Kb5 Be1 117. Bd5 Bc3 118. Kc4 Be1 119. Bc6 Bc3 1/2-1/2

[Event "Early-Titled-Tuesday-Blitz-February-13-2024"]
[Site "Chess.com"]
[Date "2024.02.13"]
[Round "3"]
[White "NelsonLinda"]
[Black "Szparu"]
[Result "1/2-1/2"]
[WhiteElo "2571"]
[BlackElo "2795"]
[TimeControl "180+1"]
[EndTime "8:34:56 PST"]
[Termination "Game drawn by repetition"]

1. b3 d5 2. Bb2 c6 3. Nf3 Bg4 4. d3 Bxf3 5. exf3 Nf6 6. f4 g6 7. Nd2 Bg7 8. g3 O-O 9. Bg2 c5 10. O-O Nc6 11. Re1 e6 12. Nf3 d4 13. Nd2 Nd5 14. a4 b6 15. h4 h5 16. Ne4 Nce7 17. Ng5 Qd7 18. Qd2 Nf5 19. Nf3 a6 20. Ra3 b5 21. Rea1 b4 22. R3a2 Nc3 23. Bxc3 dxc3 24. Qe2 Rac8 25. Re1 Bd4 26. Kh2 a5 27. Raa1 Qc7 28. Bh3 Ne7 29. Qf1 Bg7 30. Ng5 Nc6 31. Nf3 Rce8 32. Re4 Nd4 33. Nxd4 Bxd4 34. Rae1 Rd8 35.
Qe2 Kg7 36. Qf3 Rd5 37. Bg2 Rd6 38. R4e2 Qd8 39. Qb7 Re8 40. Qf3 Re7 41. Kg1 Qc7 42.
Qa8 Rd8 43. Qc6 Qb8 44. Qf3 Rde8 45. Kf1 Qc8 46. Qc6 Qd8 47. Qf3 Qc7 48. Qc6 Qxc6 49. Bxc6 Rd8 50. Bg2 Rd6 51. Ba8 Kf6 52. Be4 Rd8 53.
Bf3 e5 54. Bc6 Rd6 55. Bb5 Rb6 56. Bc4 Rbb7 57. fxe5+ Rxe5 58. Rxe5 Bxe5 59. Kg2 Rd7 60. Re3 Bc7 61. Rf3+ Kg7 62. Re3 Bd8 63. Re8 Bc7 64. Rc8 Re7 65. Kf1 Bd6 66. Rc6 Rd7 67. Bb5 Rd8 68. Ra6 Bc7 69. Ra7 Bd6 70. Rxa5 Rc8 71.
Bc4 Rc7 72. Ra6 Be7 73. Rb6 g5 74. hxg5 Bxg5 75. a5 Bd8 76. a6 Ra7 77. Rb8 Be7 78. Rc8 Kf6 79. Rc6+ Kg7 80. Kg2 Kf8 81. Rh6 h4 82.
gxh4 Kg7 83. Rh5 Kg6 84. Re5 Bxh4 85. Rxc5 Be7 86. Rb5 f5 87. Rb7 Bc5 88. Rxa7 Bxa7 89. Kf3 Kg5 90. Bd5 Bd4 91. Kg3 Be5+ 92. Kf3 Bd4 93.
Bb7 Ba7 94. Ke2 Kf4 95. Kf1 Ke5 96. Kg2 Kf4 97. Kg1 Ke5 98. Kf1 Kf4 99. Ke2 Ke5 100. Kd1 Bxf2 101. Ke2 Ba7 102. Kf3 Kf6 103. Bc8 Ke5 104.
Bb7 Kf6 105. Bc8 Ke5 106. Bb7 1/2-1/2

[Event "Early-Titled-Tuesday-Blitz-February-13-2024"]
[Site "Chess.com"]
[Date "2024.02.13"]
[Round "3"]
[White "Semetey"]
[Black "Seinw1"]
[Result "1/2-1/2"]
[WhiteElo "2652"]
[BlackElo "2480"]
[TimeControl "180+1"]
[EndTime "8:35:20 PST"]
[Termination "Game drawn by repetition"]

1. e4 e6 2. d3 d5 3. Nd2 Nf6 4. Ngf3 c5 5. g3 Nc6 6. Bg2 Be7 7. O-O O-O 8. Re1 b5 9. e5 Nd7 10. Nf1 Qc7 11. Bf4 Bb7 12. h4 Rfc8 13.
h5 h6 14. N1h2 Qd8 15. Ng4 a5 16. Qd2 Bf8 17. Ngh2 Ra6 18. g4 Be7 19. Nf1 a4 20. a3 Rb6 21. Ne3 Nd4 22. Rac1 b4 23. Nf1 bxa3 24.
bxa3 Rb2 25. N1h2 Qb6 26. g5 Nb3 27. Qc3 Nxc1 28. Bxc1 d4 29. Qd2 hxg5 30. Bxb2 Qxb2 31. Nxg5 Qc3 32. Qxc3 dxc3 33. Bxb7 Rc7 34. Nxe6 Rxb7 35. Nf4 Rb2 36. Nd5 Bh4 37. Nf3 Bd8 38. Rc1 Ba5 39. Kf1 Nf8 40. Ng1 Ne6 41. Ne2 Nd4 42. Nexc3 Rxc2 43. Rxc2 Nxc2 44. Nxa4 Nxa3 45. Nxc5 Nc2 46.
Nb7 Bd2 47. Ke2 Bh6 48. Kf3 Nd4+ 49. Ke4 Ne6 50. f4 g6 51. d4 gxh5 52. Nd6 h4 53.
Nf6+ Kf8 54. f5 Ng5+ 55. Kd3 h3 56. Ng4 Nf3 57. Ne4 h2 58. Ng3 Bf4 59. Nh1 Bg5 60. Ke4 Nd2+ 61. Kd3 Nf3 62. Ke4 Nd2+ 63. Kd5 Ke7 64.
Kc6 Nf3 65. d5 Nd4+ 66. Kc7 Nxf5 67. d6+ Ke6 68. d7 Nd4 69. Nf6 Kxe5 70. d8=Q Ne6+ 71. Kd7 Nxd8 72. Ng4+ Kf4 73. Nxh2 Ne6 74. Kd6 Ke3 75. Ke5 Bf4+ 76. Kf6 Bxh2 77. Kxf7 Nd4 78. Kf6 Kf3 79.
Kg5 Kg2 80. Nf2 Kxf2 81. Kf6 Ke3 82. Ke7 Ke4 83. Kd7 Kd5 84. Kc8 Kc6 85. Kd8 Be5 86. Kc8 Nb5 87. Kd8 Nc7 88. Kc8 Bd4 89. Kd8 Kd6 90.
Kc8 Ba7 91. Kd8 Na6 92. Kc8 Nc5 93. Kd8 Bb6+ 94. Kc8 Kc6 95. Kb8 Na6+ 96. Kc8 Nc7 97. Kb8 Bc5 98. Kc8 Ba7 99. Kd8 Nd5 100. Kc8 Ne7+ 101. Kd8 Kd6 102. Ke8 Ke6 103. Kd8 Bb6+ 104. Ke8 Nf5 105. Kf8 Be3 106. Ke8 Bg5 107. Kf8 Ne3 108. Ke8 Nd5 109. Kf8 Nb6 110. Kg7 Kf5 111. Kf7 Nd7 112. Ke8 Ne5 113. Kf8 Ke6 114. Kg7 Ke7 115. Kg8 Ke8 116. Kg7 Ke7 117. Kg8 Ke8 118. Kg7 Ke7 1/2-1/2

[Event "Early-Titled-Tuesday-Blitz-February-13-2024"]
[Site "Chess.com"]
[Date "2024.02.13"]
[Round "4"]
[White "remuloaguiarfreitas"]
[Black "Fjal"]
[Result "0-1"]
[WhiteElo "2252"]
[BlackElo "2186"]
[TimeControl "180+1"]
[EndTime "8:37:15 PST"]
[Termination "Fjal won by resignation"]

1. d4 d6 2. Bg5 c6 3. Nc3 b5 4. Ne4 h6 5. Bd2 f5 6. Ng3 Nf6 7. e4 fxe4 8. Nxe4 Nxe4 9. Qh5+ Kd7 10. Qg4+ Kc7 11. Qh5 Nxd2 12. Qg4 Bxg4 0-1

[Event "Early-Titled-Tuesday-Blitz-February-13-2024"]
[Site "Chess.com"]
[Date "2024.02.13"]
[Round "4"]
[White "amanjazu"]
[Black "FMCarmona"]
[Result "1-0"]
[WhiteElo "2509"]
[BlackElo "2259"]
[TimeControl "180+1"]
[EndTime "8:37:38 PST"]
[Termination "amanjazu won by resignation"]

1. g3 d5 2. Bg2 Nf6 3. f4 c6 4. Nf3 h6 5. O-O Bf5 6. d3 e6 7. Nc3 Bc5+ 8. Kh1 Ng4 9. d4 Be7 10.
Ne5 Nd7 11. e4 dxe4 12. Nxg4 1-0

[Event "Early-Titled-Tuesday-Blitz-February-13-2024"]
[Site "Chess.com"]
[Date "2024.02.13"]
[Round "4"]
[White "johnmez"]
[Black "ErikRonka"]
[Result "0-1"]
[WhiteElo "2289"]
[BlackElo "2518"]
[TimeControl "180+1"]
[EndTime "8:38:11 PST"]
[Termination "ErikRonka won by resignation"]

1. d4 d5 2. c4 c6 3. Nc3 Nf6 4. Nf3 e6 5. Bg5 dxc4 6. e4 b5 7. e5 h6 8. Bh4 g5 9. Nxg5 hxg5 10. Bxg5 Nbd7 11. g3 Qb6 12. exf6 Bb7 13. Bg2 O-O-O 14. O-O c5 15. d5 b4 16. Na4 Qb5 17. dxe6 Bxg2 18.
Kxg2 Qc6+ 19. Qf3 Rxh2+ 20. Kxh2 Qxf3 21. exd7+ Kxd7 22. Nxc5+ Bxc5 0-1

[Event "Early-Titled-Tuesday-Blitz-February-13-2024"]
[Site "Chess.com"]
[Date "2024.02.13"]
[Round "4"]
[White "Zohid6"]
[Black "Bykov_Egor"]
[Result "1-0"]
[WhiteElo "2835"]
[BlackElo "2584"]
[TimeControl "180+1"]
[EndTime "8:38:14 PST"]
[Termination "Zohid6 won by resignation"]

1. d4 Nf6 2. Nc3 d5 3. Bf4 c5 4. e3 cxd4 5. exd4 a6 6. Nf3 Nc6 7. Ne5 e6 8. Nxc6 bxc6 9. Na4 Bd6 10. Bxd6 Qxd6 11. Bd3 e5 12. dxe5 Qxe5+ 13. Qe2 Qxe2+ 14.
Kxe2 O-O 15. Kd2 Rb8 16. Rhe1 Re8 17. b3 Kf8 18. Nc5 a5 19. a3 Ng4 20. Rxe8+ Kxe8 21.
f3 Kf8 22. fxg4 1-0

[Event "Early-Titled-Tuesday-Blitz-February-13-2024"]
[Site "Chess.com"]
[Date "2024.02.13"]
[Round "4"]
[White "bazar-wokzal"]
[Black "PedroGil25"]
[Result "1-0"]
[WhiteElo "2674"]
[BlackElo "2429"]
[TimeControl "180+1"]
[EndTime "8:38:22 PST"]
[Termination "bazar-wokzal won by resignation"]

1. e4 c5 2. c3 d5 3. exd5 Qxd5 4. d4 Nc6 5. Nf3 Nf6 6. Be3 cxd4 7. cxd4 e6 8. a3 Qd8 9. Nc3 Be7 10. Qc2 O-O 11. Bd3 a6 12. Rc1 Bd7 13. O-O Rc8 14.
Rfd1 Qa5 15. Bg5 h6 16. Bf4 Rfd8 17. Qd2 Bf8 18. b4 Qh5 19. Ne2 Nd5 20. Ng3 Qg4 21. Be5 Nxe5 22. Nxe5 Rxc1 23. Nxg4 1-0

[Event "Early-Titled-Tuesday-Blitz-February-13-2024"]
[Site "Chess.com"]
[Date "2024.02.13"]
[Round "4"]
[White "Polish_fighter3000"]
[Black "Bauman_Guy"]
[Result "1-0"]
[WhiteElo "3064"]
[BlackElo "2880"]
[TimeControl "180+1"]
[EndTime "8:38:30 PST"]
[Termination "Polish_fighter3000 won by resignation"]

1. e4 c5 2. Nf3 d6 3. d4 Nf6 4. Nc3 cxd4 5. Nxd4 a6 6. Bg5 Nbd7 7. Bc4 Qb6 8. Bb3 e6 9. Qd2 Be7 10. O-O-O Nc5 11. Qe2 Qc7 12. f4 h6 13. Bh4 Nfxe4 14. Nxe4 Bxh4 15. Nf5 Nxe4 16. Qxe4 Bf6 17. Nxd6+ Kf8 18.
Rhe1 g6 19. g4 Bd7 20. Nxf7 1-0

[Event "Early-Titled-Tuesday-Blitz-February-13-2024"]
[Site "Chess.com"]
[Date "2024.02.13"]
[Round "4"]
[White "RaugintaBulba"]
[Black "Alblooshi_Hamad"]
[Result "1-0"]
[WhiteElo "2425"]
[BlackElo "2218"]
[TimeControl "180+1"]
[EndTime "8:38:48 PST"]
[Termination "RaugintaBulba won by resignation"]

1. b3 Nf6 2. Bb2 c5 3. e3 Nc6 4. g4 e6 5. g5 Nd5 6. h4 d6 7. Bg2 Nb6 8. Ne2 e5 9. Na3 Be6 10. f4 Be7 11. O-O Qc7 12. f5 Bd5 13. e4 Bxe4 14.
Bxe4 O-O-O 15. c4 a6 16. Nc2 d5 17. cxd5 Nxd5 18. Ne3 Nb6 19. a4 Nd4 20. a5 Na8 21.
Nd5 Qd7 22. Nxd4 exd4 23. f6 gxf6 24. Bf5 1-0